 Dungeon Crawl Stone Soup version 0.32-a0-40-g2adb59a (webtiles) character file.

Game seed: 2276169929531357316

1283 Dorkslayer the Grappler (level 8, -2/71 HPs)
             Began as a Troll Shapeshifter on Jan 24, 2024.
             Was an Initiate of Okawaru.
             Killed by divine providence
             ... invoked by an orc priest
              (12 damage)
             ... on level 6 of the Dungeon.
             The game lasted 00:09:28 (3258 turns).

Dorkslayer the Grappler (Troll Shapeshifter)        Turns: 3258, Time: 00:09:29

Health: -2/71      AC:  5    Str: 25    XL:     8   Next: 29%
Magic:  7/7        EV: 10    Int:  6    God:    Okawaru [......]
Gold:   177        SH:  5    Dex:  9    Spells: 7/7 levels left

rFire   . .          .
                       - Unarmed
rCold   . . .        (no shield)
rNeg    + . .        a - +1 animal skin
rPois   .            (helmet currently unavailable)
rElec   .            (cloak currently unavailable)
rCorr   .            (gloves unavailable)
SInv    .            (boots unavailable)
Will    .....        l - amulet of reflection
Stlth   +            e - ring of positive energy
HPRegen 1.11/turn    (no ring)
MPRegen 0.10/turn

%: reflection
@: brilliant, beast-form
A: beast (slay +2), large, unfitting armour, claws 3, regeneration 1, shaggy fur
1, tough skin 1
a: Begin Untransformation, Renounce Religion


You were on level 6 of the Dungeon.
You worshipped Okawaru.
Okawaru was noncommittal.
You were a hulking beast.
You visited 1 branch of the dungeon, and saw 6 of its levels.

You collected 177 gold pieces.

Inventory:

Hand Weapons
 h - a +1 long sword of holy wrath
 s - a +0 war axe of electrocution
Armour
 a - a +1 animal skin (worn)
Jewellery
 e - a ring of positive energy (left claw)
 l - an amulet of reflection (around neck)
Talismans
 c - a beast talisman
 d - a flux talisman
Scrolls
 g - a scroll of fog {unknown}
 i - a scroll of vulnerability {unknown}
 j - a scroll of brand weapon {unknown}
 k - a scroll of noise {unknown}
 m - a scroll of blinking {unknown}
 q - a scroll of identify {unknown}
 r - a scroll of teleportation {unknown}
Potions
 b - a potion of enlightenment
 n - a potion of curing {unknown}
 o - a potion of invisibility {unknown}
 p - a potion of degeneration {unknown}


   Skills:
 * Level 1.7 Fighting
 * Level 3.2 Dodging
 + Level 0.8 Stealth
 + Level 1.1 Shields
 + Level 8.9 Unarmed Combat
 * Level 0.4 Invocations
 * Level 3.9 Shapeshifting


You had 7 spell levels left.
You didn't know any spells.
Your spell library contained the following spells:

 Spells                   Type           Power      Damage    Failure   Level
 Inner Flame              Hex/Fire       0%         N/A       83%         3
 Irradiate                Conj/Alch      0%         3d11      100%        5
 Ignition                 Fire           0%         3d3       100%        8


Dungeon Overview and Level Annotations

Branches:
Dungeon (6/15)
 Temple: D:4-7

Altars:
Kikubaaqudgha
Makhleb
Okawaru
Qazlal
Ru
Wu Jian

Shops:
D:2 *


Innate Abilities, Weirdness & Mutations

You are a hulking beast.
Your limbs bulge with bestial killing power. (Slay +2)
You are too large for most types of armour.
You have claws for hands.
Your natural rate of healing is unusually fast.
You are covered in fur. (AC +1)
You have tough skin. (AC +1)


Message History

You closely miss the howler monkey. The howler monkey hits you.
You scratch the howler monkey.
The howler monkey is lightly wounded.
The howler monkey hits you.
You mangle the howler monkey!!
You kill the howler monkey!
Okawaru accepts your kill. 2 orcs and a steam dragon come into view.
Found a book of Spontaneous Combustion.
The steam dragon hisses angrily.
An orc priest comes into view. It is wielding a +0 club.
The steam dragon breathes steam at you. The ball of steam hits you!
You closely miss the steam dragon.
You are engulfed in a cloud of scalding steam.
The steam dragon breathes steam at you. The ball of steam hits you!
You closely miss the steam dragon.
You are engulfed in a cloud of scalding steam.
The steam dragon bites you but does no damage.
The steam dragon claws you.
You barely miss the steam dragon.
You are engulfed in a cloud of scalding steam.
You block the steam dragon's attack. The steam dragon claws you.
You claw the steam dragon!
The steam dragon is severely wounded.
You are engulfed in a cloud of scalding steam.
The steam dragon breathes steam at you. The ball of steam hits you!!
* * * LOW HITPOINT WARNING * * *
You closely miss the steam dragon.
The steam dragon is severely wounded.
The steam dragon bites you.
* * * LOW HITPOINT WARNING * * *
The steam dragon claws you but does no damage.
It was a potion of brilliance.
You feel clever all of a sudden.
The orc priest calls down the wrath of Beogh upon you.
Beogh smites you!
You die...

##)<.......
... o≈.
#..).......
:.≈≈~≈≈
###....#...
..~~♣~~
#.....## .
..≈≈~≈≈
#.....#
...≈~≈.
#.....#
#......
#.#####
#....o#####.#
#..oDh§...#
###########


You could see a steam dragon, an orc priest and an orc.

Vanquished Creatures
  Grinder (D:4)
  An orc warrior (D:4)
  An ogre (D:6)
  2 black bears (D:5)
  A phantom (D:5)
  2 scorpions
  A howler monkey (D:6)
  A bombardier beetle (D:4)
  3 hounds (D:5)
  2 orc priests
  2 jellies
  An iguana (D:5)
  Terence (D:2)
  Robin (D:3)
  6 gnolls
  3 adders
  A shadow imp (D:5)
  2 ribbon worms
  2 dart slugs (D:2)
  8 orcs
  6 ball pythons
  9 endoplasms
  A giant cockroach (D:2)
  18 goblins
  12 hobgoblins
  4 jackals
  A quokka (D:4)
  8 bats
  3 frilled lizards
  4 kobolds
  3 rats
111 creatures vanquished.

Notes
Turn   | Place    | Note
-------+----------+-------------------------------------------
     0 | D:1      | Dorkslayer the Troll Shapeshifter began the quest for the
                  | Orb.
     0 | D:1      | Reached XP level 1. HP: 18/18 MP: 0/0
   108 | D:1      | Reached XP level 2. HP: 23/26 MP: 1/1
   895 | D:2      | Reached skill level 4 in Unarmed Combat
   895 | D:2      | Reached XP level 3. HP: 32/32 MP: 2/2
   913 | D:2      | Found Nolagh's General Store.
  1084 | D:2      | Noticed Terence
  1099 | D:2      | Killed Terence
  1100 | D:2      | Reached XP level 4. HP: 37/40 MP: 3/3
  1207 | D:3      | Noticed Robin
  1238 | D:3      | Killed Robin
  1261 | D:3      | You fall into a shaft and drop 2 floors!
  1261 | D:5      | Entered Level 5 of the Dungeon
  1265 | D:5      | Noticed a black bear
  1274 | D:5      | Killed a black bear
  1275 | D:5      | Reached skill level 1 in Fighting
  1275 | D:5      | Reached skill level 5 in Unarmed Combat
  1275 | D:5      | Reached XP level 5. HP: 30/48 MP: 4/4
  1291 | D:5      | Found an iron altar of Okawaru.
  1319 | D:5      | Found an ornate altar of the Wu Jian Council.
  1383 | D:4      | Reached skill level 6 in Unarmed Combat
  1424 | D:4      | Reached XP level 6. HP: 41/55 MP: 5/5
  1533 | D:4      | Noticed an orc warrior
  1540 | D:4      | Killed an orc warrior
  1919 | D:3      | Identified the +8 quarterstaff of Gulaurch {pain, *Rage
                  | rPois Str+3}
  2017 | D:3      | Found a faded altar of an unknown god.
  2023 | D:3      | Found a sacrificial altar of Ru.
  2282 | D:4      | Found a stormy altar of Qazlal.
  2299 | D:4      | Reached skill level 7 in Unarmed Combat
  2406 | D:4      | Noticed Grinder
  2415 | D:4      | Killed Grinder
  2416 | D:4      | Reached XP level 7. HP: 60/62 MP: 6/6
  2776 | D:5      | Reached skill level 8 in Unarmed Combat
  2823 | D:5      | Found a burning altar of Makhleb.
  2845 | D:5      | Found an ancient bone altar of Kikubaaqudgha.
  2886 | D:5      | Reached XP level 8. HP: 70/70 MP: 7/7
  3121 | D:5      | Reached skill level 1 in Shields
  3197 | D:5      | Became a worshipper of Warmaster Okawaru
  3258 | D:6      | Killed from afar by an orc priest

Illustrated notes

Levels and vault maps discovered:
D:1:      spicycebolla_arrival_ecumenical, layout_loops_corners
D:2:      layout_basic, serial_shops, shop, uniq_terence
D:3:      layout_basic, nicolae_overflow_ecumenical_swirl,
          minmay_misc_feat_doors, uniq_robin
D:4:      layout_basic, grunt_qazlal_clouds, nrook_loot_triangle,
          amcnicky_mini_pool_small, uniq_grinder
D:5:      layout_cave_pools, okawaru_metal_pillars_1_2,
          nicolae_overflow_crystal_walls, kiku_gazebo_garden_becter,
          makhleb_heckhound_becter, nicolae_the_louvre
D:6:      layout_rooms, elyvilon_altar_3, mainiacjoe_overflow_six_doors_small,
          ashenzari_altar_1, uniq_crazy_yiuf_cottage, uniq_eustachio

Skill      XL: |  1  2  3  4  5  6  7  8 |
---------------+-------------------------+-----
Unarmed Combat | 4 5 6 7 8 |  8.9
Dodging        | 2 3 |  3.2
Fighting       | 1 |  1.7
Shields        | 1 |  1.1
Stealth        | |  0.8
Invocations    | |  0.4
Shapeshifting  | |  3.9

Action                     |  1- 3 |  4- 6 |  7- 9 || total
---------------------------+-------+-------+-------++-------
  Melee: Unarmed           |    87 |   119 |    73 ||   279
         Punch             |     2 |     5 |     2 ||     9
  Throw: Throwing net      |       |     1 |       ||     1
    Use: Scroll            |       |     5 |       ||     5
         Potion            |       |     1 |     1 ||     2
   Stab: Sleeping          |       |     2 |       ||     2
 Armour: Animal skin       |    50 |    90 |    49 ||   189
  Dodge: Dodged            |    35 |    60 |    25 ||   120
  Block: Other             |       |     3 |    16 ||    19
         Reflection        |       |       |     3 ||     3

Table legend: (Time is in decaauts)
 A = Elapsed time spent in this place.
 B = Non-inter-level travel time spent in this place.
 C = Inter-level travel time spent in this place.
 D = Time resting spent in this place.
 E = Time spent auto-exploring this place.
 F = Levels seen in this place.
 G = Mean time per level.
                   A        B        C        D        E       F      G
               +--------+--------+--------+--------+--------+-----+--------+
         Total |   3225 |   3212 |     13 |      0 |   1504 |   6 |  537.5 |
       Dungeon |   3225 |   3212 |     13 |      0 |   1504 |   6 |  537.5 |
               +--------+--------+--------+--------+--------+-----+--------+

Top non-repeatable levels by time:
     D:1: 886 daAuts
     D:4: 850 daAuts
     D:3: 619 daAuts
     D:5: 514 daAuts
     D:2: 300 daAuts
     D:6: 53 daAuts
